 Dungeon Crawl Stone Soup version 0.29.1-2-gbd0b4ee654 (webtiles) character file.

Game seed: 15744210111498233600

65 Marvel the Trooper (level 4, 0/40 HPs)
             Began as a Hill Orc Fighter on Nov 15, 2022.
             Killed from afar by Ijyb (4 damage)
             ... with a puff of flame
             ... on level 3 of the Dungeon.
             The game lasted 00:02:35 (2261 turns).

Marvel the Trooper (Hill Orc Fighter)               Turns: 2261, Time: 00:02:36

Health: 0/40       AC:  8    Str: 20    XL:     4   Next: 13%
Magic:  4/4        EV:  9    Int:  8    God:
Gold:   74         SH:  4    Dex: 10    Spells: 3/3 levels left

rFire   . . .      SeeInvis .   q - +1 hand axe (elec)
rCold   . . .      Faith    .   c - +0 buckler
rNeg    . . .      Spirit   .   b - +0 scale mail
rPois   .          Reflect  .   (no helmet)
rElec   .          Harm     .   (no cloak)
rCorr   .          Rampage  .   f - +0 pair of gloves
Will    .....                   (no boots)
Stlth   ..........              (no amulet)
HPRegen 0.13/turn               (no ring)
MPRegen 0.09/turn               (no ring)

@: no status effects
A: no striking features
a: no special abilities


You were on level 3 of the Dungeon.
You visited 1 branch of the dungeon, and saw 3 of its levels.

You collected 74 gold pieces.

Inventory:

Hand Weapons
 a - a +0 war axe
 q - a +1 hand axe of electrocution (weapon)
Armour
 b - a +0 scale mail (worn)
 c - a +0 buckler (worn)
 f - a +0 pair of gloves (worn)
Jewellery
 h - a +6 ring of intelligence
 i - a ring of resist corrosion
 o - a ring of fire
Scrolls
 j - a scroll of noise {unknown}
 k - a scroll of vulnerability {unknown}
 l - a scroll of fear {unknown}
 m - a scroll of teleportation {unknown}
Potions
 d - 2 potions of might
 e - a potion of brilliance {unknown}
 g - 2 potions of curing {unknown}
 n - a potion of ambrosia {unknown}
 p - a potion of heal wounds {unknown}


   Skills:
 + Level 4.1 Fighting
 + Level 4.1 Axes
 + Level 3.9 Armour
 + Level 0.2 Dodging
 + Level 3.5 Shields


You had 3 spell levels left.
You didn't know any spells.
Your spell library contained the following spells:

 Spells                   Type           Power      Damage    Failure   Level
 Gell's Gravitas          Tloc           0%         N/A       99%         3
 Lesser Beckoning         Tloc           0%         N/A       99%         3
 Teleport Other           Tloc           0%         N/A       99%         3


Dungeon Overview and Level Annotations

Branches:
Dungeon (3/15)

Altars:
Zin

Annotations:
D:3 Ijyb


Message History

Ijyb barely misses you. x2
You closely miss Ijyb.
Ijyb is lightly wounded.
Ijyb hits you but does no damage.
You hit Ijyb.
Ijyb is moderately wounded.
You block Ijyb's attack. Ijyb barely misses you.
You closely miss Ijyb.
Ijyb is moderately wounded.
You block Ijyb's attack. Ijyb misses you.
You closely miss Ijyb.
Ijyb is moderately wounded.
Ijyb completely misses you. Ijyb barely misses you.
You hit Ijyb but do no damage.
Ijyb is moderately wounded.
Ijyb hits you but does no damage.
You hit Ijyb but do no damage.
Ijyb is moderately wounded.
Ijyb hits you with a +0 club. x2
You hit Ijyb but do no damage.
Ijyb is moderately wounded.
Ijyb hits you with a +0 club. You block Ijyb's attack.
You are too injured to fight recklessly!
You are too injured to fight recklessly!
Ijyb attacks as you move away! Ijyb hits you with a +0 club.
Ijyb barely misses you. Ijyb attacks as you move away!
Ijyb hits you with a +0 club.
* * * LOW HITPOINT WARNING * * *
Ijyb hits you with a +0 club.
* * * LOW HITPOINT WARNING * * *
Ijyb is no longer berserk.
Ijyb zaps a wand.
The puff of flame hits you!
* * * LOW HITPOINT WARNING * * *
You see here an orc skeleton.
Items here: ( ))))) ÷÷÷.
Ijyb screams, "No!
No, no, no, no!"
Ijyb zaps a wand.
The puff of flame hits you.
* * * LOW HITPOINT WARNING * * *
You see here 7 stones.
Ijyb zaps a wand.
The puff of flame hits you.
You die...

...#######.......#.....
####÷### ...# #.........#
#)# ...#
#.#<.....########## #.#
...# #.##.###.........###.#
...## # #.# #.##.#.g......#
....#########.#
#.......#.#####
#.#.##........# #.......#.#
#.#.##.#####..###(......#.#
..#.#.....##....@.......#.#
.......##.##.####.........#
###.##.##.##.# #.......###
....##.......# #.......#
.########..### #########
..# ###.##### #.# #.......#
#.### #.#.###.# ....#
#.#.###.#


You could see Ijyb.

Vanquished Creatures
  An adder (D:3)
  3 dart slugs
  5 orcs (D:3)
  3 ball pythons
  3 endoplasms
  3 giant cockroaches (D:1)
  7 goblins
  4 hobgoblins
  6 bats
  3 frilled lizards (D:1)
  A kobold (D:2)
  2 rats
41 creatures vanquished.

Notes
Turn   | Place    | Note
-------+----------+-------------------------------------------
     0 | D:1      | Marvel the Hill Orc Fighter began the quest for the Orb.
     0 | D:1      | Reached XP level 1. HP: 19/19 MP: 1/1
   153 | D:1      | Reached XP level 2. HP: 17/27 MP: 2/2
   913 | D:1      | Reached XP level 3. HP: 33/33 MP: 3/3
  1492 | D:2      | Found a glowing silver altar of Zin.
  1989 | D:3      | Reached XP level 4. HP: 40/40 MP: 4/4
  2213 | D:3      | Noticed Ijyb
  2261 | D:3      | Killed from afar by Ijyb

Illustrated notes

Levels and vault maps discovered:
D:1:      erik_arrival_triangle_small, layout_loops_cross,
          corexii_hall_statues_u, chequers_jeans
D:2:      layout_loops_ring, basic_altar, nicolae_figureground_pulse
D:3:      layout_loops_cross, uniq_ijyb

Skill      XL: |  1  2  3 |
---------------+----------+-----
Fighting       | 4 |  4.1
Axes           | 3 4 |  4.1
Armour         | |  3.9
Dodging        | |  0.2
Shields        | |  3.5

Action                   |  1- 3 |  4- 6 || total
-------------------------+-------+-------++-------
Melee: War axe           |    99 |    12 ||   111
       Hand axe          |       |    12 ||    12
Armor: Scale mail        |    43 |     6 ||    49
Dodge: Dodged            |    60 |    14 ||    74
Block: Buckler           |    19 |     7 ||    26
